 Dungeon Crawl Stone Soup version 0.18-a0-824-g47fe746 (webtiles) character file.

29 Raultor the Skirmisher (level 3, 29/29 HPs)
             Began as a Demonspawn Fighter on Dec 17, 2015.
             Quit the game on level 2 of the Dungeon.
             The game lasted 00:02:31 (1134 turns).

Raultor the Skirmisher (Demonspawn Fighter)         Turns: 1134, Time: 00:02:32

Health: 29/29      AC:  6    Str: 17    XL:     3   Next: 1%
Magic:  3/3        EV:  7    Int:  9    God:
Gold:   124        SH:  8    Dex: 12    Spells: 0 memorised, 2 levels left

rFire  + . .     SeeInvis .     a - +0 flail
rCold  . . .     Gourm    .     e - +0 ring mail
rNeg   . . .     Faith    +     c - +0 shield
rPois  .         Spirit   .     (helmet restricted)
rElec  .         Dismiss  .     (no cloak)
rCorr  .         Reflect  .     n - +0 pair of gloves
SustAt .         Harm     .     (no boots)
MR     .....                    s - amulet of faith {Faith, !P}
Stlth  ++........               k - ring of protection from fire {rF+, !d}
                                q - ring of flight {+Fly, !d}

@: not resistant to hostile enchantments, unstealthy
A: horns 1, nightstalker 1
a: Evoke Flight


You were on level 2 of the Dungeon.
You were not hungry.

You visited 1 branch of the dungeon, and saw 2 of its levels.

You collected 124 gold pieces.

Inventory:

Hand Weapons
 a - a +0 flail (weapon)
Armour
 b - a +0 scale mail
 c - a +0 shield (worn)
 e - a +0 ring mail (worn)
   (You found it on level 1 of the Dungeon)
 n - a +0 pair of gloves (worn)
   (You found it on level 1 of the Dungeon)
Jewellery
 k - a ring of protection from fire (right hand) {rF+, !d}
   (You found it on level 2 of the Dungeon)
 q - a ring of flight (left hand) {+Fly, !d}
   (You found it on level 1 of the Dungeon)
 s - an amulet of faith (around neck) {Faith, !P}
   (You found it on level 2 of the Dungeon)
Scrolls
 i - a scroll of recharging {unknown}
 m - a scroll of identify {unknown}
 o - a scroll of noise {unknown}
 p - a scroll of immolation {unknown}
 r - a scroll of blinking {unknown}
 u - a scroll of random uselessness {unknown}
 x - a scroll of magic mapping {unknown}
Potions
 d - 2 potions of might
 g - a potion of agility {unknown}
 j - 2 potions of haste {unknown}
 l - a potion of flight {unknown}
 v - a potion of cancellation {unknown}
Comestibles
 f - 2 bread rations {@e1}
 h - 2 slices of pizza
 t - 2 chunks of flesh {@w0}
 w - 5 fruits


   Skills:
 + Level 3.2 Fighting
 * Level 2.6 Maces & Flails
 + Level 2.8 Armour
 + Level 2.9 Shields


You had 2 spell levels left.
You didn't know any spells.

Dungeon Overview and Level Annotations

Branches:
Dungeon (2/15)

Altars:


Innate Abilities, Weirdness & Mutations

You have a pair of small horns on your head.
You are slightly more attuned to the shadows.


Message History

No target in view!
A hobgoblin comes into view.
The hobgoblin shouts!
The hobgoblin hits you but does no damage.
You see here 5 fruits.
You sock the hobgoblin!
You kill the hobgoblin!
A bat comes into view.
The bat hits you but does no damage.
A bat is nearby!
The bat hits you but does no damage. You block the bat's attack.
Things that are here:
18 gold pieces; a sapphire potion You closely miss the bat.
You block the bat's attack. You block the bat's attack.
Your shield and ring mail prevent you from hitting the bat.
Your headbutt misses the bat. You block the bat's attack.
You block the bat's attack. The bat hits you.
You take 1 damage, and have 23/24 hp.
You completely miss the bat. You block the bat's attack.
You block the bat's attack.
You closely miss the bat. You headbutt the bat, but do no damage.
The bat barely misses you. The bat hits you but does no damage.
Health restored: 24 You hit the bat.
You kill the bat!
No target in view!
No target in view!
No target in view!
No target in view!
No target in view!
No target in view!
No target in view!
No target in view!
No target in view!
No target in view!
No target in view!
You now have 66 gold pieces (gained 18).
v - a sapphire potion
w - 5 fruits
f - 2 bread rations {@e1} (gained 1)
You now have 79 gold pieces (gained 13).
You now have 90 gold pieces (gained 11).
A quokka comes into view.
You sock the quokka!
You kill the quokka!
No target in view!
You now have 97 gold pieces (gained 7).
Eating one of 3 chunks of flesh {@w0}.
You continue eating. x2
A worm comes into view.
The worm moves out of view.
The worm is too close now for your liking.
You barely miss the worm. The worm barely misses you.
You hit the worm. You hit the worm. Your headbutt misses the worm.
You block the worm's attack.
You thump the worm! You headbutt the worm. You block the worm's attack.
You hit the worm.
You kill the worm!
No target in view!
x - a scroll labeled APRIUD IMUOL You see here a worm corpse.
A kobold comes into view. It is wielding a dagger.
The kobold throws a stone.
You block the stone.
You see here a stone.
You block the kobold's attack.
Your shield prevents you from hitting the kobold.
The kobold hits you but does no damage. x2
You barely miss the kobold. Your headbutt misses the kobold.
The kobold hits you but does no damage.
You barely miss the kobold. The kobold hits you but does no damage.
You closely miss the kobold. You block the kobold's attack.
The kobold closely misses you.
You barely miss the kobold.
You headbutt the kobold, but do no damage.
The kobold hits you but does no damage.
You hit the kobold.
You kill the kobold!
No target in view!
A giant cockroach comes into view.
You see here 7 gold pieces.
You block the giant cockroach's attack.
You barely miss the giant cockroach.
The giant cockroach bites you but does no damage.
You block the giant cockroach's attack.
You sock the giant cockroach!
You kill the giant cockroach!
You have reached level 3!
Your experience leads to an increase in your attributes!
Increase (S)trength, (I)ntelligence, or (D)exterity?
You feel stronger.
Your demonic ancestry asserts itself...
You slip into the darkness of the dungeon.
Health restored: 29; MP restored: 3 You now have 104 gold pieces (gained 7).
You now have 111 gold pieces (gained 7).
You now have 124 gold pieces (gained 13).
An adder comes into view.
Found an escape hatch in the ceiling.

#.#..........##
##.#...........##
#########..#.........#...
...................)..)..
#########.####.....######
....###.## ###.###
#S..#..# ## #.@#.#
##$<...# ##....# .##..#
### ## #... .####.. ....
....... .##..... ...###.


You could see an adder (sleeping).

Vanquished Creatures
  A worm (D:2)
  A giant gecko (D:1)
  A giant cockroach (D:2)
  2 goblins
  8 hobgoblins
  3 bats
  2 giant newts (D:1)
  2 kobolds
  A quokka (D:2)
  3 rats (D:1)
24 creatures vanquished.

Notes
Turn   | Place    | Note
--------------------------------------------------------------
     0 | D:1      | Raultor the Demonspawn Fighter began the quest for the Orb.
     0 | D:1      | Reached XP level 1. HP: 18/18 MP: 1/1
   222 | D:1      | Reached skill level 2 in Maces & Flails
   312 | D:1      | Gained mutation: You have a pair of small horns on your head. [demonic ancestry]
   312 | D:1      | Reached XP level 2. HP: 21/24 MP: 2/2
  1104 | D:2      | Gained mutation: You are slightly more attuned to the shadows. [demonic ancestry]
  1104 | D:2      | Reached XP level 3. HP: 29/29 MP: 3/3
  1134 | D:2      | Quit the game

Vault maps used:
D:1:      dpeg_arrival_round_c
D:2:      lemuel_upstairs_altar, first_bread

Action                   || total
-------------------------++-------
Melee: Flail             ||    81
  Eat: Chunk             ||     1

Vault maps used:
D:1:      dpeg_arrival_round_c
D:2:      lemuel_upstairs_altar, first_bread

Table legend:
 A = Turns spent in this place as a percentage of turns spent in the entire game.
 B = Non-inter-level travel turns spent in this place as a percentage of non-inter-level travel turns spent in the entire game.
 C = Inter-level travel turns spent in this place as a percentage of turns spent in this place.
 D = Turns resting spent in this place as a percentage of non-inter-level travel turns spent in this place.
 E = Turns spent auto-exploring this place as a percentage of non-inter-level travel turns spent in this place.
 F = Non-inter-level travel turns spent in this place divided by the number of levels of this place that you've seen.
                   A       B       C       D       E      F
               +-------+-------+-------+-------+-------+----------------------
         Total | 100.0 | 100.0 |   0.4 |   0.0 |  20.2 | 121.0
       Dungeon | 100.0 | 100.0 |   0.4 |   0.0 |  20.2 | 121.0
               +-------+-------+-------+-------+-------+----------------------

Table legend:
 A = Kills in this place as a percentage of kills in entire the game.
 B = Kills by you in this place as a percentage of kills by you in the entire game.
 C = Kills by friends in this place as a percentage of kills by friends in the entire game.
 D = Other kills in this place as a percentage of other kills in the entire game.
 E = Experience gained in this place as a percentage of experience gained in the entire game.
 F = Experience gained in this place divided by the number of levels of this place that you have seen.
                   A       B       C       D       E      F
               +-------+-------+-------+-------+-------+----------------------
         Total | 100.0 | 100.0 |  -nan |  -nan | 100.0 |  21.0
       Dungeon | 100.0 | 100.0 |  -nan |  -nan | 100.0 |  21.0
               +-------+-------+-------+-------+-------+----------------------
